 Dungeon Crawl Stone Soup version 0.29.1-1-gd02db6906a (webtiles) character file.

Game seed: 8385344243748974300

725 pacmanke6689 the Conjurer (level 8, -8/56 HPs)
             Began as a Human Conjurer on Sept 16, 2022.
             Was an Initiate of Vehumet.
             Mangled by an ice beast (14 damage)
             ... on level 5 of the Dungeon on Sept 17, 2022.
             The game lasted 00:23:46 (6756 turns).

pacmanke6689 the Conjurer (Human Conjurer)          Turns: 6756, Time: 00:23:46

Health: -8/56      AC:  3    Str:  7    XL:     8   Next: 2%
Magic:  0/14       EV: 12    Int: 27    God:    Vehumet [......]
Gold:   234        SH:  0    Dex: 12    Spells: 9/15 levels left

rFire   . . .      SeeInvis .     - Unarmed
rCold   . . .      Faith    .   (no shield)
rNeg    . . .      Spirit   .   a - +0 robe
rPois   .          Reflect  .   (no helmet)
rElec   .          Harm     .   (no cloak)
rCorr   .          Rampage  .   o - +0 pair of gloves
Will    .....                   (no boots)
Stlth   ++........              (no amulet)
HPRegen 0.18/turn               i - +6 ring of intelligence
MPRegen 0.14/turn               (no ring)

@: no status effects
A: sense surroundings 1
a: Renounce Religion


You were on level 5 of the Dungeon.
You worshipped Vehumet.
Vehumet was noncommittal.
You visited 2 branches of the dungeon, and saw 6 of its levels.

You collected 234 gold pieces.

Inventory:

Missiles
 g - 2 throwing nets
Armour
 a - a +0 robe (worn)
 o - a +0 pair of gloves (worn)
Jewellery
 b - a ring of positive energy
 e - a ring of willpower
 h - a ring of protection from fire
 i - a +6 ring of intelligence (left hand)
 m - a ring of fire
Scrolls
 l - a scroll of magic mapping
Potions
 c - a potion of flight
 f - a potion of brilliance {unknown}
 n - 2 potions of attraction


   Skills:
 + Level 1.8 Fighting
 + Level 2.5 Dodging
 + Level 3.4 Stealth
 + Level 1.2 Unarmed Combat
 + Level 4.2 Spellcasting
 + Level 5.8 Conjurations
 + Level 3.5 Air Magic


You had 9 spell levels left.
You knew the following spells:

 Your Spells              Type           Power      Damage    Failure   Level
a - Magic Dart            Conj           100%       1d8       1%          1
b - Shock                 Conj/Air       100%       1d9       1%          1
c - Airstrike             Air            12%        2d(2-18)  19%         4

Your spell library contained the following spells:

 Spells                   Type           Power      Damage    Failure   Level
 Searing Ray              Conj           74%        2d7       1%          2
 Swiftness                Air            25%        N/A       5%          3
 Conjure Flame            Conj/Fire      21%        6-21      7%          3
 Dazzling Flash           Conj/Hex       42%        N/A       7%          3
 Ignite Poison            Fire/Tmut/Pois 5%         N/A       24%         3
 Portal Projectile        Hex/Tloc       10%        N/A       24%         3
 Tukima's Dance           Hex            5%         N/A       24%         3
 Fulminant Prism          Conj/Hex       10%        3d9       24%         4
 Iskenderun's Mystic Bla  Conj/Tloc      21%        2d6       24%         4
 Sticky Flame             Conj/Fire      21%        2d4       24%         4
 Blade Hands              Tmut           2%         N/A       91%         5


Dungeon Overview and Level Annotations

Branches:
Dungeon (5/15)             Temple (1/1) D:4

Altars:
Cheibriados
Dithmenos
Elyvilon
Fedhas
Gozag
Kikubaaqudgha
Okawaru
Qazlal
Ru
Trog
Uskayaw
Vehumet
Wu Jian
Xom
Yredelemnul
Zin
The Shining One

Shops:
D:2 =   D:4 :


Innate Abilities, Weirdness & Mutations

You passively map a small area around you.


Message History

The magic dart hits the ice beast but does no damage.
The ice beast is severely wounded.
The ice beast hits you but does no damage.
The ice beast attacks as you move away! The ice beast misses you.
Aiming: Magic Dart (safe; 1% risk of failure)
Press: ? - help, Q - select action, (/) - cycle Shift-Dir - straight line, f/p - ice beast
Aim: an ice beast (severely wounded, 100% to hit)
The magic dart hits the ice beast.
The ice beast is severely wounded.
The ice beast closely misses you.
The ice beast hits you but does no damage.
The ice beast attacks as you move away! The ice beast hits you.
The ice beast freezes you!
Aiming: Magic Dart (safe; 1% risk of failure)
Press: ? - help, Q - select action, (/) - cycle Shift-Dir - straight line, f/p - ice beast
Aim: an ice beast (severely wounded, 100% to hit)
The magic dart hits the ice beast.
The ice beast is almost dead.
The ice beast misses you. The ice beast attacks as you move away!
The ice beast hits you. The ice beast freezes you!
You feel better. The ice beast hits you. The ice beast freezes you!
* * * LOW HITPOINT WARNING * * *
You feel better. The ice beast hits you. The ice beast freezes you.
* * * LOW HITPOINT WARNING * * *
Aiming: Magic Dart (safe; 1% risk of failure)
Press: ? - help, Q - select action, (/) - cycle Shift-Dir - straight line, f/p - ice beast
Aim: an ice beast (almost dead, 100% to hit)
The magic dart hits the ice beast but does no damage.
The ice beast is almost dead.
The ice beast hits you.
* * * LOW HITPOINT WARNING * * *
The ice beast freezes you!
* * * LOW HITPOINT WARNING * * *
You feel better. The ice beast misses you.
The ice beast attacks as you move away! The ice beast barely misses you.
The ice beast attacks as you move away! The ice beast hits you.
* * * LOW HITPOINT WARNING * * *
The ice beast freezes you!
You die...

#.#.....##.#.#
*##.#.#.#.##.#.# ,,,
.......#.##.#.# * *
* * #.#.#...##.#.#
#.#..........#####
#.###....#...<...#
#......#.######.##
########.# #.#
#.@......# #.#
#Y#.###### #.#
#.#......# #.#
#.#.####.# #.#
########.######.####
#.#
#...........#......#
#.#
#.######.##.#.######
#.# #........##.#.#
#.# #.#########.#.#
#.#


You could see an ice beast.

Vanquished Creatures
  Menkaure (D:5)
  An ice beast (D:5)
  A black bear (D:4)
  A scorpion (D:5)
  A gnoll bouda (D:5)
  A jelly (D:5)
  An orc priest (D:4)
  A hound (D:5)
  12 gnolls
  7 adders
  An ufetubus (D:4)
  A dart slug (D:1)
  4 orcs
  2 ball pythons
  3 bats
  11 endoplasms
  7 giant cockroaches
  3 goblins
  3 hobgoblins
  4 kobolds
  5 quokkas
  A frilled lizard (D:1)
  10 rats
82 creatures vanquished.

Notes
Turn   | Place    | Note
-------+----------+-------------------------------------------
     0 | D:1      | pacmanke6689 the Human Conjurer began the quest for the
                  | Orb.
     0 | D:1      | Reached XP level 1. HP: 13/13 MP: 3/3
    89 | D:1      | Found a faded altar of an unknown god.
   180 | D:1      | Reached XP level 2. HP: 19/19 MP: 3/5
   262 | D:1      | Learned a level 1 spell: Shock
   790 | D:1      | Reached XP level 3. HP: 22/24 MP: 2/6
  1652 | D:2      | Reached XP level 4. HP: 30/30 MP: 3/7
  1903 | D:2      | Found Ceocint's Jewellery Shoppe.
  1986 | D:2      | You fall into a shaft and drop 2 floors!
  2330 | D:4      | Found a staircase to the Ecumenical Temple.
  2336 | D:4      | Found Gacwij Buhu's Book Emporium.
  2340 | Temple   | Entered the Ecumenical Temple
  2533 | Temple   | Became a worshipper of Vehumet
  2899 | D:4      | Reached skill level 1 in Air Magic
  2929 | D:4      | Noticed a black bear
  2933 | D:4      | Reached XP level 5. HP: 36/36 MP: 3/9
  3791 | D:3      | Reached skill level 5 in Conjurations
  5257 | D:4      | Killed a black bear
  5258 | D:4      | Reached skill level 1 in Fighting
  5258 | D:4      | Reached XP level 6. HP: 27/43 MP: 1/11
  5555 | D:4      | Reached skill level 1 in Unarmed Combat
  5664 | D:4      | Gained mutation: You possess an exceptional clarity of
                  | mind. [potion of mutation]
  5755 | D:4      | Lost mutation: You possess an exceptional clarity of mind.
                  | [potion of mutation]
  5755 | D:4      | Gained mutation: You passively map a small area around you.
                  | [potion of mutation]
  5766 | D:5      | Entered Level 5 of the Dungeon
  5810 | D:5      | Learned a level 4 spell: Airstrike
  5892 | D:5      | Reached XP level 7. HP: 47/48 MP: 3/12
  6408 | D:5      | Noticed Menkaure
  6418 | D:5      | Killed Menkaure
  6419 | D:5      | Reached XP level 8. HP: 26/56 MP: 1/14
  6756 | D:5      | Mangled by an ice beast

Illustrated notes

Levels and vault maps discovered:
D:1:      dpeg_arrival_three_same_balls, layout_rooms, basic_ecumenical_altar,
          fountainhead
D:2:      layout_basic, serial_shops, nicolae_shop_crystal
D:3:      layout_basic
D:4:      layout_loops_cross, minmay_temple_entry_statues_fountains,
          serial_shops, shop_fountains
D:5:      layout_basic, uniq_menkaure
Temple:   nicolae_temple_bog_church

Skill      XL: |  1  2  3  4  5  6  7 |
---------------+----------------------+-----
Air Magic      | 1 2 3 |  3.5
Conjurations   | 5 |  5.8
Spellcasting   | 3 4 |  4.2
Fighting       | 1 |  1.8
Unarmed Combat | 1 |  1.2
Stealth        | 3 |  3.4
Dodging        | |  2.5

Action                   |  1- 3 |  4- 6 |  7- 9 || total
-------------------------+-------+-------+-------++-------
Melee: Unarmed           |    42 |    34 |     2 ||    78
       Punch             |     1 |     2 |       ||     3
 Cast: Magic Dart        |    23 |    24 |    11 ||    58
       Shock             |    45 |    80 |    30 ||   155
       Airstrike         |       |       |     3 ||     3
  Use: Scroll            |       |     6 |       ||     6
       Potion            |       |     6 |     5 ||    11
Armor: Robe              |     8 |     7 |     5 ||    20
Dodge: Dodged            |    29 |    42 |     9 ||    80
